 Dungeon Crawl Stone Soup version 0.30-a0-956-gcec3b41aec (webtiles) character file.

Game seed: 16120111901472097769

2252 cforsyth the Basher (level 9, -2/64 (75) HPs)
             Began as a Formicid Fighter on Mar 30, 2023.
             Slain by a wight
             ... wielding a +2 halberd
              (8 damage)
             ... on level 7 of the Dungeon.
             The game lasted 00:14:47 (8646 turns).

cforsyth the Basher (Formicid Fighter)              Turns: 8646, Time: 00:14:47

HP:   -2/64 (75)    AC: 12    Str: 24    XL:     9   Next: 64%
MP:   9/9           EV:  7    Int: 15    God:
Gold: 407           SH:  5    Dex: 13    Spells: 8/8 levels left

rFire   . . .      SeeInvis +    A - +1 hammer (drain)
rCold   . . .      Faith    .    c - +0 buckler
rNeg    . . .      Spirit   .    L - +0 chain mail
rPois   .          Reflect  .    (helmet unavailable)
rElec   .          Rampage  .    B - +0 cloak
rCorr   .                        k - +0 pair of gloves
Will    .....                    E - +0 pair of boots Stlth
                                 (no amulet)
HPRegen 0.30/turn                h - +6 ring of intelligence
MPRegen 0.11/turn                (no ring)

@: mighty, heavily drained
A: permanent stasis, dig shafts and tunnels, antennae 3, four strong arms
a: Dig, Shaft Self


You were on level 7 of the Dungeon.
You visited 1 branch of the dungeon, and saw 7 of its levels.

You collected 407 gold pieces.

Inventory:

Hand Weapons
 a - a +0 flail
 A - a +1 hammer of draining (weapon)
 F - a +1 mace of protection
 K - a +0 dire flail
 O - the +6 scimitar "Acarinebane" {freeze, rElec rC+}
   (You took it off a gnoll on level 6 of the Dungeon)

   rC:        It protects you from cold.
   rElec:     It insulates you from electricity.
Armour
 c - a +0 buckler (worn)
 k - a +0 pair of gloves (worn)
 B - a +0 cloak (worn)
 E - a +0 pair of boots (worn)
 L - a +0 chain mail (worn)
Jewellery
 h - a +6 ring of intelligence (left hand)
 x - a ring of wizardry
 y - a +6 ring of dexterity
Wands
 w - a wand of polymorph (7)
 H - a wand of charming (6)
Scrolls
 b - 4 scrolls of fear {unknown}
 e - 2 scrolls of teleportation {unknown}
 g - 2 scrolls of poison {unknown}
 j - 2 scrolls of torment {unknown}
 l - 9 scrolls of identify {unknown}
 m - 3 scrolls of fog {unknown}
 o - 2 scrolls of enchant armour {unknown}
 p - 2 scrolls of summoning {unknown}
 t - a scroll of vulnerability {unknown}
 v - a scroll of amnesia {unknown}
 z - a scroll of immolation {unknown}
 D - 2 scrolls of magic mapping {unknown}
 I - a scroll of enchant weapon {unknown}
 J - a scroll of brand weapon {unknown}
 N - a scroll of blinking {unknown}
Potions
 d - a potion of might
 f - a potion of heal wounds
 i - a potion of degeneration {unknown}
 n - a potion of ambrosia {unknown}
 q - 2 potions of curing
 r - a potion of haste {unknown}
 s - a potion of cancellation
 u - a potion of flight {unknown}
 C - a potion of mutation {unknown}
 G - a potion of berserk rage {unknown}
 M - a potion of attraction {unknown}


   Skills:
 + Level 8.4 Fighting
 * Level 10.2 Maces & Flails
 - Level 3.2 Armour
 - Level 4.0 Shields


You had 8 spell levels left.
You didn't know any spells.
Your spell library contained the following spells:

 Spells                   Type           Power      Damage    Failure   Level
 Freeze                   Ice            0%         1d3       94%         1
 Cigotuvi's Dreadful Rot  Necr/Pois/Air  0%         N/A       98%         2
 Poisonous Vapours        Pois/Air       0%         N/A       98%         2
 Frozen Ramparts          Ice            0%         1d1       100%        3
 Hailstorm                Conj/Ice       0%         3d3       100%        3
 Mephitic Cloud           Conj/Pois/Air  0%         N/A       100%        3
 Summon Guardian Golem    Hex/Summ       0%         N/A       100%        3
 Orb of Destruction       Conj           0%         9d5       100%        7
 Spellforged Servitor     Conj/Summ      0%         N/A       100%        7


Dungeon Overview and Level Annotations

Branches:
Dungeon (6/15)
 Temple: D:4-7

Altars:
Cheibriados
Hepliaklqana
Kikubaaqudgha

Portals:
Abyss: D:6

Annotations:
D:3 1 runed translucent door, Crazy Yiuf
D:4 Pikel
D:6 2 transporters, SirDiesAlot's ghost, novice GrFi


Innate Abilities, Weirdness & Mutations

You cannot be hasted, slowed, berserked, paralysed or teleported.
You can dig through walls and to a lower floor.
You have a pair of large antennae on your head. (SInv)
Your four strong arms can wield two-handed weapons with a shield.


Message History

The wight hits you with a +0 morningstar!
You feel very mighty all of a sudden.
The wight hits you with a +0 morningstar.
The orc wizard gestures wildly while chanting.
The orc wizard flickers and vanishes for a moment.
You sock the wight!
You destroy the wight!
You sock the wight!
The wight is almost destroyed.
The wight closely misses you.
You closely miss the wight.
The wight is almost destroyed.
You hit the wight.
You destroy the wight!
You closely miss the orc. The orc hits you but does no damage.
You barely miss the orc. You block the wight's attack.
The orc hits you but does no damage.
You barely miss the orc. The orc closely misses you.
You thump the orc!
You kill the orc!
The wight hits you from afar with a +2 halberd.
* * * LOW HITPOINT WARNING * * *
You feel drained.
* * * LOW HITPOINT WARNING * * *
You sock the wight!
The wight is heavily damaged.
The wight barely misses you.
You sock the wight!
The wight is almost destroyed.
The wight hits you from afar with a +2 halberd!
* * * LOW HITPOINT WARNING * * *
You feel drained.
* * * LOW HITPOINT WARNING * * *
You hit the wight but do no damage.
The wight is almost destroyed.
The wight hits you with a +0 great sword.
* * * LOW HITPOINT WARNING * * *
You feel drained.
The wight hits you from afar with a +2 halberd!
You die...

.. ..## #..# .
#..# .# #..# ..#
#.## ...#
##..#######
....####......{#@#
..............zz##
..............#z#
##.......#.....J#
#......###..#####
...........##
....###...## ..##
##..# . #{.#


You could see a jelly and 3 wights.

Vanquished Creatures
  A black bear (D:5)
  3 ice beasts
  3 orc warriors
  4 ogres
  4 lemures
  A phantom (D:6)
  2 wights (D:7)
  A howler monkey (D:5)
  2 hounds
  4 jellies
  A gnoll bouda (D:5)
  An iron imp (D:5)
  4 orc priests
  Ijyb (D:4)
  Natasha (thrice) (D:2)
  3 orc wizards (D:6)
  3 sleepcaps
  23 gnolls
  6 adders
  A worm (D:5)
  4 dart slugs
  30 orcs
  7 endoplasms
  2 giant cockroaches
  8 goblins
  10 hobgoblins
  18 jackals
  8 kobolds
  5 quokkas
  5 ball pythons
  5 bats
  A frilled lizard (D:1)
  6 rats
180 creatures vanquished.

Vanquished Creatures (others)
  An ogre (D:5)
  A hobgoblin (D:4)
  2 plants (D:5)
4 creatures vanquished.

Grand Total: 184 creatures vanquished

Notes
Turn   | Place    | Note
-------+----------+-------------------------------------------
     0 | D:1      | cforsyth the Formicid Fighter began the quest for the Orb.
     0 | D:1      | Reached XP level 1. HP: 18/18 MP: 1/1
   101 | D:1      | Reached XP level 2. HP: 24/24 MP: 2/2
   369 | D:1      | Reached XP level 3. HP: 30/30 MP: 3/3
   395 | D:1      | Reached skill level 3 in Maces & Flails
   912 | D:2      | Identified the +2 pair of gloves of Gluttony {Harm rC-
                  | Str+3 SInv}
  1238 | D:2      | Noticed Natasha
  1244 | D:2      | Killed Natasha
  1245 | D:2      | Reached XP level 4. HP: 34/37 MP: 4/4
  1302 | D:2      | Noticed Natasha
  1308 | D:2      | Killed Natasha
  1309 | D:2      | Reached skill level 4 in Maces & Flails
  1314 | D:2      | Noticed Natasha
  1317 | D:2      | Reached XP level 5. HP: 42/42 MP: 5/5
  1320 | D:2      | Killed Natasha
  1626 | D:3      | Found a hazy altar of Hepliaklqana.
  2002 | D:3      | Found a runed translucent door.
  2003 | D:3      | Noticed Crazy Yiuf
  3148 | D:4      | Reached XP level 6. HP: 42/49 MP: 6/6
  3200 | D:4      | Reached skill level 5 in Maces & Flails
  3253 | D:4      | Noticed Ijyb
  3624 | D:4      | Reached skill level 5 in Fighting
  3932 | D:5      | Entered Level 5 of the Dungeon
  3938 | D:5      | Noticed an ogre
  3966 | D:5      | Noticed an ogre
  3979 | D:5      | Killed an ogre
  3980 | D:5      | Reached XP level 7. HP: 56/56 MP: 7/7
  4031 | D:4      | Killed Ijyb
  4032 | D:4      | Reached skill level 6 in Maces & Flails
  4439 | D:4      | Noticed Pikel
  5415 | D:5      | Reached skill level 7 in Maces & Flails
  5415 | D:5      | Reached XP level 8. HP: 57/64 MP: 8/8
  6366 | D:5      | Found a snail-covered altar of Cheibriados.
  6377 | D:5      | Reached skill level 8 in Maces & Flails
  6428 | D:5      | Found an ancient bone altar of Kikubaaqudgha.
  7594 | D:6      | Reached XP level 9. HP: 72/72 MP: 9/9
  7598 | D:6      | Found a transporter.
  7604 | D:6      | Found a transporter.
  7698 | D:6      | Reached skill level 9 in Maces & Flails
  7707 | D:6      | Identified the +6 scimitar "Acarinebane" {freeze, rElec
                  | rC+}
  7916 | D:6      | Found a one-way gate to the infinite horrors of the Abyss.
  7916 | D:6      | Noticed SirDiesAlot's ghost (novice GrFi)
  7916 | D:6      | Noticed a purple ugly thing
  7923 | D:6      | Noticed a brown ugly thing
  8480 | D:6      | Reached skill level 10 in Maces & Flails
  8559 | D:6      | You fall into a shaft and drop 1 floor!
  8646 | D:7      | Slain by a wight

Illustrated notes

Levels and vault maps discovered:
D:1:      shiori_arrival_elements, layout_basic
D:2:      layout_loops_ring, kennysheep_generic_room_15, uniq_natasha
D:3:      layout_basic, worldfamousw_hep_ancestral_shrine,
          uniq_crazy_yiuf_cottage
D:4:      layout_basic, uniq_ijyb, uniq_pikel
D:5:      lemuel_castle_with_subvaults [lemuel_castle_interior_carwin_1],
          layout_layer_cave, lemuel_round_altar, chei_slow_surprise,
          hellmonk_bongcloud_opening
D:6:      layout_loops_ring, gammafunk_ghost_abyssal_escape
D:7:      layout_layer_cave, temple_statues

Skill      XL: |  1  2  3  4  5  6  7  8  9 |
---------------+----------------------------+-----
Maces & Flails | 3 4 5 7 8 10 | 10.2
Fighting       | 4 5 6 7 8 |  8.4
Armour         | |  3.2
Shields        | |  4.0

Action                     |  1- 3 |  4- 6 |  7- 9 || total
---------------------------+-------+-------+-------++-------
  Melee: Flail             |    92 |    53 |       ||   145
         Mace              |       |    89 |   384 ||   473
  Evoke: Wand              |       |     7 |       ||     7
    Use: Potion            |       |       |     5 ||     5
 Armour: Scale mail        |    46 |    62 |    19 ||   127
         Chain mail        |       |       |   176 ||   176
  Dodge: Dodged            |    38 |    51 |   133 ||   222
  Block: Buckler           |    19 |    29 |    86 ||   134

Table legend: (Time is in decaauts)
 A = Elapsed time spent in this place.
 B = Non-inter-level travel time spent in this place.
 C = Inter-level travel time spent in this place.
 D = Time resting spent in this place.
 E = Time spent auto-exploring this place.
 F = Levels seen in this place.
 G = Mean time per level.
                   A        B        C        D        E       F      G
               +--------+--------+--------+--------+--------+-----+--------+
         Total |   8717 |   8060 |    657 |   1286 |   4969 |   7 | 1245.3 |
       Dungeon |   8717 |   8060 |    657 |   1286 |   4969 |   7 | 1245.3 |
               +--------+--------+--------+--------+--------+-----+--------+

Top non-repeatable levels by time:
     D:5: 2218 daAuts
     D:3: 1916 daAuts
     D:4: 1864 daAuts
     D:6: 990 daAuts
     D:2: 855 daAuts
     D:1: 789 daAuts
     D:7: 84 daAuts
